 Dungeon Crawl Stone Soup version 0.27.1-35-g4d5d836560 (webtiles) character file.

Game seed: 17887098844942278250

5 cbfl8 the Sneak (level 1, 0/20 HPs)
             Began as a Minotaur Delver on Mar 19, 2022.
             Slain by a wyvern skeleton (8 damage)
             ... on level 6 of the Dungeon.
             The game lasted 00:00:52 (225 turns).

cbfl8 the Sneak (Minotaur Delver)                    Turns: 225, Time: 00:00:52

Health: 0/20       AC:  3    Str: 16    XL:     1   Next: 66%
Magic:  0/0        EV: 11    Int:  7    God:
Gold:   0          SH:  0    Dex: 11    Spells: 0/0 levels left

rFire    . . .     SeeInvis .   a - +0 hand axe
rCold    . . .     Faith    .   (no shield)
rNeg     . . .     Spirit   .   b - +0 leather armour
rPois    .         Reflect  .   (helmet restricted)
rElec    .         Harm     .   (no cloak)
rCorr    .         Rampage  .   (no gloves)
Will     .....                  (no boots)
Stlth    ++........             (no amulet)
HPRegen  0.06/turn              (no ring)
MPRegen  0.07/turn              (no ring)

@: no status effects
A: horns 2, retaliatory headbutt
a: no special abilities


You were on level 6 of the Dungeon.
You visited 1 branch of the dungeon, and saw 2 of its levels.

Inventory:

Hand Weapons
 a - a +0 hand axe (weapon)
Armour
 b - a +0 leather armour (worn)
Wands
 g - a wand of digging (3)
Scrolls
 c - a scroll of fog
 d - 3 scrolls of magic mapping
 e - a scroll of fear
Potions
 f - a potion of haste


   Skills:
 + Level 3.7 Fighting
 + Level 2.4 Axes
 + Level 2.2 Dodging
 + Level 4.3 Stealth


You couldn't memorise any spells.
You didn't know any spells.
Your spell library was empty.

Dungeon Overview and Level Annotations

Branches:
Dungeon (6/15)
 Temple: D:4-7

Altars:
Wu Jian


Innate Abilities, Weirdness & Mutations

You have a pair of horns on your head.
You reflexively headbutt those who attack you in melee.


Message History

Found 2 scrolls of magic mapping.
Found a stone staircase leading down.
An ufetubus comes into view.
The ufetubus shouts!
You hear a shout!
You see here 2 scrolls of magic mapping.
d - 3 scrolls of magic mapping (gained 2)
A centaur comes into view.
The ufetubus misses you. You furiously retaliate!
You headbutt the ufetubus. The ufetubus closely misses you.
The ufetubus hits you. x2
There is a stone staircase leading down here.
You barely miss the ufetubus. Your headbutt misses the ufetubus.
The ufetubus is moderately wounded.
The ufetubus hits you. x2; The ufetubus barely misses you.
The ufetubus hits you but does no damage.
You barely miss the ufetubus.
The ufetubus is moderately wounded.
The ufetubus barely misses you. The ufetubus hits you.
The ufetubus closely misses you. You furiously retaliate!
You headbutt the ufetubus.
You kill the ufetubus!
You climb downwards.
There is a stone staircase leading up here.
You start resting.
HP restored.
Found an ornate altar of the Wu Jian Council.
Why would you want to do that? Why would you want to do that?
Press: ? - help, v - describe, . - travel A rock wall.
A wyvern skeleton comes into view.
You slash the wyvern skeleton! You headbutt the wyvern skeleton.
The wyvern skeleton is moderately damaged.
The wyvern skeleton bites you!
Ouch! That really hurt!
The wyvern skeleton barely misses you. You furiously retaliate!
You headbutt the wyvern skeleton. You hit the wyvern skeleton.
The wyvern skeleton is heavily damaged.
The wyvern skeleton bites you!
You die...

# ....#.# #.. .. #..#.# #.≈
#.#....# #.§ #......# #.≈
....#...# #.≈ . #..Z# #.≈
......#.# #.§
...##.#.##################.§
.. ..#...Z@...............§
# ## ####################.§
###


You could see a wyvern skeleton.

Vanquished Creatures
  An ufetubus (D:5)
1 creature vanquished.

Notes
Turn   | Place    | Note
-------+----------+-------------------------------------------
     0 | D:5      | cbfl8 the Minotaur Delver began the quest for the Orb.
     0 | D:5      | Reached XP level 1. HP: 19/19 MP: 0/0
     8 | D:5      | Noticed a centaur
   157 | D:6      | Found an ornate altar of the Wu Jian Council.
   225 | D:6      | Slain by a wyvern skeleton

Illustrated notes

Levels and vault maps discovered:
D:5:      layout_cave_pools, mainiacjoe_overflow_alcove_4, serial_shops, shop,
          lightli_minifort
D:6:      layout_basic, mainiacjoe_overflow_catwalk,
          chequers_temple_overflow_statue_of_worship, minmay_temple_entry_ruins,
          dk_rats_in_the_wall

Action                   || total
-------------------------++-------
Melee: Hand axe          ||     4
       Headbutt          ||     1
Armor: Leather armour    ||     1
Dodge: Dodged            ||     6
